 Dungeon Crawl Stone Soup version 0.25.1-2-g60ff931df9 (webtiles) character file.

Game seed: 9081974152748436808

9561 Gunterle the Cleaver (level 11, -1/98 HPs)
             Began as a Deep Dwarf Fighter on Oct 1, 2020.
             Was a High Priest of Makhleb.
             Slain by a centaur warrior (6 damage)
             ... on level 11 of the Dungeon.
             The game lasted 01:02:47 (10691 turns).

Gunterle the Cleaver (Deep Dwarf Fighter)          Turns: 10691, Time: 01:02:48

Health: -1/98      AC:  9    Str: 24    XL:     11   Next: 24%
Magic:  0/16       EV: 10    Int: 14    God:    Makhleb [*****.]
Gold:   206        SH:  9    Dex:  9    Spells: 9/10 levels left

rFire    . . .     SeeInvis .   g - +1 whip (vamp)
rCold    . . .     Gourm    .   c - +0 kite shield
rNeg     . . .     Faith    .   b - +0 scale mail
rPois    .         Spirit   +   (no helmet)
rElec    .         Reflect  .   H - +0 cloak
rCorr    .         Harm     .   (no gloves)
MR       ++++.                  (no boots)
Stlth    ..........             T - amulet "Sux Piut" {Spirit MR++ Dex-3 Slay+2}
HPRegen  0.00/turn              I - +6 ring of intelligence
MPRegen  0.15/turn              W - ring of protection from magic

@: non-regenerating
A: damage resistance, heal wounds, sense surroundings 2, no regeneration
a: Heal Wounds, Minor Destruction, Lesser Servant of Makhleb, Major Destruction,
Greater Servant of Makhleb, Renounce Religion


You were on level 11 of the Dungeon.
You worshipped Makhleb.
Makhleb was extremely pleased with you.
You were hungry.

You visited 2 branches of the dungeon, and saw 12 of its levels.

You collected 626 gold pieces.
You spent 420 gold pieces at shops.

Inventory:

Hand Weapons
 a - a +1 war axe
 g - a +1 vampiric whip (weapon)
 q - a +0 war axe
 r - a +2 battleaxe of freezing
 u - a +0 hand axe of electrocution
 A - a +0 glaive
 C - a +1 vorpal trident
 P - a +0 shortbow
Missiles
 l - 228 stones
 s - 188 arrows
 w - 29 sling bullets
 x - 61 bolts
 y - 10 boomerangs
 R - 3 javelins
 V - a poisoned dart (quivered)
Armour
 b - a +0 scale mail (worn)
 c - a +0 kite shield (worn)
 j - a +0 tower shield
 B - the +0 robe of a Gauntlet {+Fly Str+2, unknown}
   (You found it on level 5 of the Dungeon)

   It affects your strength (+2).
   It lets you fly.
 D - a +2 tower shield
 H - a +0 cloak (worn)
 M - a +0 plate armour
Jewellery
 n - an uncursed ring of see invisible
 I - a +6 ring of intelligence (left hand)
 L - an uncursed amulet of magic regeneration
 T - the amulet "Sux Piut" (around neck) {Spirit MR++ Dex-3 Slay+2}
   (You found it on level 8 of the Dungeon)

   [amulet of guardian spirit]

   It causes incoming damage to be split between your health and magic.
   It affects your dexterity (-3).
   It affects your accuracy and damage with ranged weapons and melee attacks
   (+2).
   It affects your resistance to hostile enchantments.
 W - a ring of protection from magic (right hand)
Wands
 U - a wand of clouds (3)
Scrolls
 e - 8 scrolls of remove curse
 h - a scroll of immolation
 k - 5 scrolls of teleportation
 o - a scroll of enchant armour
 p - 3 scrolls of amnesia
 t - a scroll of blinking
 F - a scroll of acquirement {unknown}
 J - a scroll of magic mapping {unknown}
 K - a scroll of noise {unknown}
 O - 2 scrolls of vulnerability {unknown}
 Q - 2 scrolls of fear {unknown}
 S - a scroll of silence
Potions
 d - 4 potions of might
 i - 3 potions of brilliance
 m - a potion of heal wounds
 v - 2 potions of haste
 z - a potion of stabbing
 E - a potion of magic
 G - 4 potions of curing
 N - 2 potions of mutation
Comestibles
 f - 16 rations
 X - 14 chunks of flesh


   Skills:
 + Level 6.3 Fighting
 * Level 9.9 Axes
 + Level 6.2 Throwing
 + Level 7.6 Armour
 + Level 6.4 Dodging
 - Level 3.9 Shields
 + Level 1.6 Translocations
 + Level 7.7 Invocations
 + Level 6.9 Evocations


You had 9 spell levels left.
You knew the following spells:

 Your Spells              Type           Power        Failure   Level  Hunger
a - Apportation           Tloc           #.....       80%         1    ##.....

Your spell library contained the following spells:

 Spells                   Type           Power        Failure   Level  Hunger
 Animate Skeleton         Necr           N/A          95%         1    ##.....
 Corona                   Hex            #......      95%         1    ##.....
 Magic Dart               Conj           #...         95%         1    ##.....
 Summon Small Mammal      Summ           #...         95%         1    ##.....
 Poisonous Vapours        Pois/Air       #.....       99%         2    ###....
 Searing Ray              Conj           #.....       99%         2    ###....
 Conjure Flame            Conj/Fire      #.......     100%        3    ####...
 Dazzling Flash           Conj/Hex       #.....       100%        3    ####...
 Mephitic Cloud           Conj/Pois/Air  #.......     100%        3    ####...
 Fulminant Prism          Conj/Hex       #.........   100%        4    #####..
 Iskenderun's Mystic Bla  Conj/Tloc      #.......     100%        4    #####..
 Freezing Cloud           Conj/Ice/Air   #.........   100%        6    #######
 Ring of Flames           Chrm/Fire      #.........   100%        7    #######


Dungeon Overview and Level Annotations

Branches:
Dungeon (11/15)            Temple (1/1) D:7            Lair (0/6) D:8
    Orc: D:9-12

Altars:
Cheibriados
Dithmenos
Elyvilon
Makhleb
Nemelex Xobeh
Sif Muna
Xom
Yredelemnul
The Shining One
Beogh

Shops:
D:4 *

Annotations:
D:2 1 exclusion
D:6 3 runed translucent doors, zaph0d's ghost, novice DrCj
D:7 3 runed translucent doors, lllmatko's ghost, novice HOMo
D:8 1 runed translucent door, Gaxx's ghost, novice DsGl
D:10 3 runed translucent doors, exclusion: ice statue, TangoThomas's ghost, journeyman MfAK


Innate Abilities, Weirdness & Mutations

You are resistant to damage.
You can heal yourself by infusing magical energy.
You passively map the area around you.
You do not regenerate.


Message History

The centaur warrior hits you but does no damage.
You barely miss the centaur warrior.
The centaur warrior is almost dead.
The centaur warrior closely misses you. x2
Your shield and scale mail prevent you from hitting the centaur warrior.
The centaur warrior is almost dead.
The centaur warrior hits you!
* * * LOW HITPOINT WARNING * * *
You barely miss the centaur warrior.
The centaur warrior is almost dead.
The centaur warrior hits you!
* * * LOW HITPOINT WARNING * * *
The centaur warrior hits you but does no damage.
You hit the centaur warrior but do no damage.
The centaur warrior is almost dead.
The centaur warrior hits you but does no damage.
You hit the centaur warrior.
You feel better.
The centaur warrior is almost dead.
The centaur warrior hits you!
You die...

####(((((..##
#.......>#
##.####..###........#
#.# ##..######.####
#.# ##).# #..# #.#
##)# #.## #.# #.##
#.# *..# #..###.# .##
##..#รท.# ** ##c@.##
, *# ##..###### ,
,,...##.......## , *
##.....#.....# ,
.......))##### , , ,
* .......##)# ##### ,
..#######)###...# *
*. #...#...# , *,
###.#...#


You could see a centaur warrior.

Vanquished Creatures
  Snorg (D:10)
  A two-headed ogre (D:10)
  Pikel (D:9)
  4 gargoyles (D:8)
  A kobold demonologist (D:11)
  2 hippogriffs
  3 yaks (D:9)
  A spriggan (D:7)
  Sigmund (D:5)
  Menkaure (D:7)
  5 orc warriors
  3 ice beasts
  A sky beast (D:7)
  A hornet zombie (D:10)
  3 black bears
  An eye of draining (D:10)
  A phantom (D:10)
  A slave (D:9)
  6 ogres
  7 centaurs
  A crocodile (D:5)
  6 bullfrogs
  3 scorpions
  A howler monkey (D:7)
  4 crimson imps
  A centaur zombie (D:8)
  A quasit (D:7)
  2 bullfrog zombies
  4 hounds
  6 jellies
  Crazy Yiuf (D:5)
  10 orc priests
  2 centaur skeletons
  12 orc wizards
  3 bullfrog skeletons
  Jessica (D:2)
  Natasha (twice) (D:2)
  Ijyb (D:4)
  3 iguanas
  5 worker ants
  2 hound zombies
  A hound skeleton (D:8)
  A worker ant zombie (D:6)
  A gnoll (D:11)
  9 adders
  A shadow imp (D:7)
  A worm (D:2)
  A dart slug (D:1)
  4 leopard geckos
  46 orcs
  2 ball pythons
  3 bats
  2 giant cockroaches
  5 goblins
  5 hobgoblins
  10 jackals
  6 quokkas
  4 frilled lizards
  A jackal zombie (D:5)
  16 kobolds
  A quokka zombie (D:7)
  8 rats
  2 fungi (D:5)
246 creatures vanquished.

Vanquished Creatures (collateral kills)
  2 orcs (D:4)
2 creatures vanquished.

Vanquished Creatures (others)
  An orc wizard (D:10)
  A jackal skeleton (D:4)
  2 fungi (D:8)
  3 plants (D:8)
7 creatures vanquished.

Grand Total: 255 creatures vanquished

Notes
Turn   | Place    | Note
-------+----------+-------------------------------------------
     0 | D:1      | Gunterle the Deep Dwarf Fighter began the quest for the
                  | Orb.
     0 | D:1      | Reached XP level 1. HP: 20/20 MP: 1/1
   144 | D:1      | Reached XP level 2. HP: 27/27 MP: 2/2
   781 | D:3      | Reached XP level 3. HP: 24/33 MP: 3/3
   801 | D:4      | Reached skill level 3 in Axes
   801 | D:4      | Reached skill level 1 in Evocations
   830 | D:4      | Found a shadowy altar of Dithmenos.
   836 | D:4      | Noticed a scorpion
   854 | D:4      | Killed a scorpion
   854 | D:4      | Reached skill level 1 in Dodging
   854 | D:4      | Reached XP level 4. HP: 31/42 MP: 5/5
   873 | D:4      | Noticed Ijyb
   884 | D:4      | Killed Ijyb
   971 | D:4      | Reached XP level 5. HP: 36/49 MP: 6/6
  1078 | D:4      | Found Ofo Ton's General Store.
  1220 | D:4      | Found a burning altar of Makhleb.
  1229 | D:4      | Became a worshipper of Makhleb the Destroyer
  1266 | D:2      | Reached skill level 4 in Axes
  1294 | D:2      | Found a sparkling altar of Nemelex Xobeh.
  1618 | D:2      | Found a snail-covered altar of Cheibriados.
  1740 | D:2      | Noticed Natasha
  1746 | D:2      | Killed Natasha
  1746 | D:2      | Reached XP level 6. HP: 11/56 MP: 8/8
  2224 | D:2      | Noticed Natasha
  2227 | D:2      | Noticed Jessica
  2229 | D:2      | Killed Natasha
  2229 | D:2      | Reached * piety under Makhleb
  2230 | D:2      | Noticed a moth of wrath
  2231 | D:2      | Killed Jessica
  2231 | D:2      | Reached skill level 1 in Invocations
  2719 | D:3      | Found a roughly hewn altar of Beogh.
  3596 | D:5      | Entered Level 5 of the Dungeon
  3797 | D:5      | Noticed Sigmund
  3802 | D:5      | Killed Sigmund
  3802 | D:5      | Reached skill level 1 in Throwing
  3802 | D:5      | Reached XP level 7. HP: 43/63 MP: 10/10
  3874 | D:5      | Got a transparent robe
  3928 | D:5      | Reached skill level 5 in Axes
  4096 | D:5      | Found a shimmering blue altar of Sif Muna.
  4179 | D:5      | Found a runed translucent door.
  4180 | D:5      | Noticed Crazy Yiuf
  4186 | D:5      | Killed Crazy Yiuf
  4273 | D:6      | Found a white marble altar of Elyvilon.
  4368 | D:6      | Reached XP level 8. HP: 57/72 MP: 11/11
  4385 | D:6      | Reached skill level 5 in Armour
  4584 | D:6      | Reached ** piety under Makhleb
  4600 | D:6      | Learned a level 1 spell: Apportation
  4728 | D:6      | Reached skill level 6 in Axes
  5274 | D:6      | Found a runed translucent gate.
  5274 | D:6      | Found a runed translucent gate.
  5274 | D:6      | Found a runed translucent gate.
  5275 | D:6      | Noticed zaph0d's ghost (novice DrCj)
  5275 | D:6      | Noticed a kobold demonologist
  5617 | D:7      | Found a staircase to the Ecumenical Temple.
  5644 | D:7      | Gained mutation: You passively map the area around you.
                  | [Deep Dwarf growth]
  5644 | D:7      | Reached XP level 9. HP: 79/79 MP: 12/12
  5703 | D:7      | Reached skill level 7 in Axes
  5866 | D:7      | Found a shimmering altar of Xom.
  5955 | D:7      | Noticed Menkaure
  5966 | D:7      | Killed Menkaure
  6049 | D:7      | Found a runed translucent gate.
  6049 | D:7      | Found a runed translucent gate.
  6049 | D:7      | Found a runed translucent gate.
  6051 | D:7      | Noticed lllmatko's ghost (novice HOMo)
  6063 | D:7      | Reached *** piety under Makhleb
  6106 | D:7      | Reached skill level 5 in Invocations
  6420 | Temple   | Entered the Ecumenical Temple
  6485 | D:8      | Reached skill level 5 in Fighting
  6502 | D:8      | Got a clouded sapphire amulet
  6682 | D:8      | Reached skill level 5 in Throwing
  6714 | D:8      | Found a runed translucent door.
  6714 | D:8      | Noticed Gaxx's ghost (novice DsGl)
  7019 | D:8      | Identified the +6 trident "Xairirch" {flame, +Blink rElec
                  | rPois rF+}
  7115 | D:8      | Found a staircase to the Lair.
  7412 | D:8      | Noticed a gargoyle
  7415 | D:8      | Killed a gargoyle
  7415 | D:8      | Reached **** piety under Makhleb
  7415 | D:8      | Reached skill level 8 in Axes
  7415 | D:8      | Reached skill level 5 in Dodging
  7416 | D:8      | Noticed a gargoyle
  7417 | D:8      | Noticed a gargoyle
  7425 | D:8      | Killed a gargoyle
  7425 | D:8      | Reached XP level 10. HP: 87/88 MP: 14/14
  7426 | D:8      | Killed a gargoyle
  7426 | D:8      | Reached skill level 5 in Evocations
  7436 | D:8      | Identified the amulet "Sux Piut" {Spirit MR++ Dex-3 Slay+2}
                  | (You found it on level 8 of the Dungeon)
  7863 | D:8      | Noticed a gargoyle
  7868 | D:8      | Killed a gargoyle
  7888 | D:8      | Noticed a gargoyle
  8827 | D:9      | Noticed Pikel
  8836 | D:9      | Killed Pikel
  8836 | D:9      | Reached skill level 9 in Axes
  8989 | D:9      | Found a glowing golden altar of the Shining One.
  9058 | D:10     | Entered Level 10 of the Dungeon
  9058 | D:10     | Found a basalt altar of Yredelemnul.
  9165 | D:10     | Noticed Snorg
  9201 | D:10     | Killed Snorg
  9328 | D:10     | Noticed an ice statue
  9617 | D:10     | Found a runed translucent gate.
  9617 | D:10     | Found a runed translucent gate.
  9617 | D:10     | Found a runed translucent gate.
  9618 | D:10     | Noticed a spectral centaur warrior
  9916 | D:10     | Noticed a two-headed ogre
  9931 | D:10     | Killed a two-headed ogre
  9931 | D:10     | Reached skill level 1 in Translocations
  9931 | D:10     | Reached XP level 11. HP: 97/97 MP: 0/16
 10101 | D:10     | Noticed TangoThomas's ghost (journeyman MfAK)
 10224 | D:4      | Bought an uncursed ring of see invisible for 180 gold
                  | pieces
 10224 | D:4      | Bought a scroll of brand weapon for 240 gold pieces
 10605 | D:11     | Reached ***** piety under Makhleb
 10640 | D:11     | Noticed a centaur warrior
 10689 | D:11     | HP: 4/98 [centaur warrior (10)]
 10691 | D:11     | Slain by a centaur warrior

Illustrated notes

Levels and vault maps discovered:
D:1:      tarquinn_simple_flora_water_f, layout_basic
D:2:      minmay_door_path, layout_basic, lemuel_crystal_altar, tgw_trog,
          cheibriados_altar_1, skrybe_limestone_x, chequers_hall_statues_wall_a,
          uniq_jessica, uniq_natasha
D:3:      layout_loops_ring, kennysheep_orc_chapel
D:4:      layout_layer_cave, makhleb_heckhound_becter, serial_shops, shop,
          nicolae_dithmenos_shadow_blocks, uniq_ijyb
D:5:      layout_rooms, lemuel_blue_sif_altar, first_ration, uniq_sigmund,
          uniq_crazy_yiuf_cottage
D:6:      layout_basic, old_standard_altar, gammafunk_ghost_nasty_kobolds
D:7:      layout_basic, lemuel_doored_altar,
          minmay_temple_entry_drinking_statues, gammafunk_ghost_necromancy,
          minivault_24, the_bakery, uniq_menkaure
D:8:      cheibrodos_statue_roulette, layout_rooms, dpeg_oklobed_lair,
          ebering_ghost_funeral_grove
D:9:      layout_cave_pools, lemuel_round_altar, uniq_pikel
D:10:     layout_small_grid, gammafunk_ghost_necromancy, minivault_16,
          yredelemnul_altar_generic, uniq_snorg
D:11:     layout_rooms, kennysheep_orc_monster_closet_entryway, serial_shops,
          shop
Temple:   eino_temple_water

Skill      XL: |  1  2  3  4  5  6  7  8  9 10 |
---------------+-------------------------------+-----
Axes           | 3 4 5 6 8 9 |  9.9
Evocations     | 2 3 4 6 |  6.9
Fighting       | 3 4 5 6 |  6.3
Dodging        | 1 2 3 4 5 6 |  6.4
Armour         | 4 5 6 7 |  7.6
Invocations    | 2 3 4 5 7 |  7.7
Throwing       | 1 2 4 5 6 |  6.2
Translocations | 1 |  1.6
Shields        | |  3.9

Action                   |  1- 3 |  4- 6 |  7- 9 | 10-12 || total
-------------------------+-------+-------+-------+-------++-------
Melee: War axe           |    76 |    58 |       |       ||   134
       Hand axe          |       |   112 |   225 |   115 ||   452
       Whip              |       |       |       |    60 ||    60
Throw: Stone             |    24 |    24 |     6 |     2 ||    56
       Throwing net      |     2 |       |       |       ||     2
       Dart              |       |    18 |    79 |    37 ||   134
       Boomerang         |       |       |    48 |    51 ||    99
       Javelin           |       |       |     2 |    18 ||    20
 Abil: Heal Wounds       |       |     2 |       |       ||     2
Evoke: Wand              |     1 |    12 |    35 |    26 ||    74
  Use: Potion            |     3 |     3 |       |       ||     6
       Scroll            |     5 |     3 |     4 |     8 ||    20
 Stab: Confused          |       |       |       |     3 ||     3
  Eat: Chunk             |       |     7 |    11 |     6 ||    24
       Ration            |       |     1 |       |     1 ||     2
Armor: Scale mail        |    32 |    52 |    49 |    49 ||   182
Dodge: Dodged            |    21 |    63 |    64 |    51 ||   199
Block: Kite shield       |    40 |    72 |    87 |    64 ||   263
